cohdb
Replays
Latest Replays
All Replays
Popular Replays
Top Player Replays
Match Explorer
How It Works
Community
CoH3 Stats
Reddit
Sign in to upload your games and track your stats! →
Sign in with Steam
Match 42746951
Unlisted
Match 42746951
Overview
Messages
Build Orders
End
Construct Weapon Support Center
Engineer Squad
Selects Airborne Battlegroup
Selects Pathfinders
Selects Smoke Bombing Run
Pathfinder Squad
M1919 Machine Gun Team
M1919 Machine Gun Team
Selects Paratrooper Squad Paradrop
Paratrooper Squad Paradrop
Bazooka Squad
Selects Supply Drop
Supply Drop
Paratrooper Squad Paradrop
Mechanized Support Center
Bazooka Squad
Supply Drop
Improved M9 Bazooka Rockets
Selects Dual P-47 Rocket Strike
Dual P-47 Rocket Strike
Construct Tank Depot
Selects Anti-tank Gun Team Paradrop
Construct Medical Station
M4A1 Sherman Medium Tank
Salvage Crew
Designate Forward Repair Station
MadeManG74
只愛❤毛妹
0
0
Comments
sign in to comment!
No comments posted yet!